 Dungeon Crawl Stone Soup version 0.22-a0-40-g3d2f077 (webtiles) character file.

86 tof the Slasher (level 4, 0/35 HPs)
             Began as a Demonspawn Monk on Jan 4, 2018.
             Slain by tidbits's ghost (5 damage)
             ... on level 3 of the Dungeon.
             The game lasted 00:02:27 (2409 turns).

tof the Slasher (Demonspawn Monk)                   Turns: 2409, Time: 00:02:27

Health: 0/35       AC:  3    Str: 11    XL:     4   Next: 26%
Magic:  0/4        EV: 13    Int: 12    God:
Gold:   77         SH:  0    Dex: 16    Spells: 3/3 levels left

rFire    . . .     SeeInvis .   a - +0 falchion
rCold    . . .     Gourm    .   (no shield)
rNeg     . . .     Faith    .   b - +0 robe
rPois    .         Spirit   +   (no helmet)
rElec    .         Reflect  .   g - +0 cloak
rCorr    .         Harm     .   (no gloves)
MR       .....                  (no boots)
Stlth    ++........             j - amulet of guardian spirit
HPRegen  0.11/turn              (no ring)
MPRegen  0.09/turn              (no ring)

@: no status effects
A: claws 1, hooves 1
a: no special abilities


You were on level 3 of the Dungeon.
You were hungry.

You visited 1 branch of the dungeon, and saw 3 of its levels.

You collected 77 gold pieces.

Inventory:

Hand Weapons
 a - a +0 falchion (weapon)
Armour
 b - a +0 robe (worn)
 g - a +0 cloak (worn)
Jewellery
 j - an amulet of guardian spirit (around neck)
Scrolls
 d - a scroll of magic mapping {unknown}
 e - a scroll of amnesia {unknown}
 f - a scroll of remove curse {unknown}
 h - a scroll of immolation {unknown}
 i - 2 scrolls of identify {unknown}
 k - a scroll of teleportation {unknown}
 l - 2 scrolls of enchant weapon {unknown}
 m - a scroll of fear {unknown}
Potions
 n - a potion of curing {unknown}
 o - a potion of haste {unknown}
 p - a potion of resistance {unknown}
 q - a potion of magic {unknown}
Comestibles
 c - 5 rations


   Skills:
 + Level 3.4 Fighting
 * Level 3.6 Long Blades
 + Level 1.3 Throwing
 + Level 1.3 Armour
 - Level 2.6 Dodging
 - Level 1.7 Stealth


You had 3 spell levels left.
You didn't know any spells.

Dungeon Overview and Level Annotations

Branches:
Dungeon (3/15)

Altars:
Ashenzari

Annotations:
D:3 tidbits's ghost, weakling GnNe


Innate Abilities, Weirdness & Mutations

You have sharp fingernails.
You have large cloven feet.


Message History

Tidbits's ghost casts a spell at you. Pain shoots through your body!
You miss tidbits's ghost.
Tidbits's ghost is severely damaged.
Tidbits's ghost hits you!
The kobold shouts!
You hit tidbits's ghost.
Tidbits's ghost is severely damaged.
Tidbits's ghost gestures at you while chanting.
Pain shoots through your body!
* * * LOW HITPOINT WARNING * * *
You hit tidbits's ghost but do no damage.
Tidbits's ghost is severely damaged.
Tidbits's ghost casts a spell at you.
You barely resist.
The hobgoblin shouts!
You hit tidbits's ghost but do no damage.
Tidbits's ghost is severely damaged.
Tidbits's ghost hits you.
You die...

#.#.g...
##....#.#
.....#..
....#.# #
#.....###
#..##.#.#g..#
........#.#.#
#..)..W.##
#.##.#.@.# #
#...#.K.....
###.###.....
#.(# ..##
#..# ...
..... ##
.#......
.#........#
.. ........#


You could see tidbits's ghost, a hobgoblin and a kobold.

Vanquished Creatures
  An orc wizard (D:2)
  An adder (D:2)
  An ooze (D:1)
  A worm (D:2)
  A dart slug (D:2)
  4 orcs (D:2)
  3 giant cockroaches
  5 hobgoblins
  2 jackals (D:2)
  A quokka (D:2)
  A ball python (D:1)
  A bat (D:2)
  4 frilled lizards
  7 kobolds
  6 rats
39 creatures vanquished.

Notes
Turn   | Place    | Note
-------+----------+-------------------------------------------
     0 | D:1      | tof the Demonspawn Monk began the quest for the Orb.
     0 | D:1      | Reached XP level 1. HP: 18/18 MP: 1/1
   316 | D:1      | Gained mutation: You have sharp fingernails. [demonic ancestry]
   316 | D:1      | Reached XP level 2. HP: 24/24 MP: 2/2
   529 | D:1      | Found a shattered altar of Ashenzari.
  1383 | D:2      | Gained mutation: You have large cloven feet. [demonic ancestry]
  1383 | D:2      | Reached XP level 3. HP: 18/29 MP: 3/3
  1392 | D:2      | Reached skill level 1 in Armour
  1395 | D:2      | Reached skill level 1 in Throwing
  1769 | D:2      | Reached XP level 4. HP: 6/35 MP: 1/4
  2384 | D:3      | Noticed tidbits's ghost (weakling GnNe)
  2409 | D:3      | Slain by tidbits's ghost

Vault maps used:
D:1:      nicolae_arrival_washed_ashore, evilmike_ruin_ashenzari

Skill      XL: |  1  2  3 |
---------------+----------+-----
Long Blades    | 3 |  3.6
Armour         | 1 |  1.3
Throwing       | 1 |  1.3
Fighting       | |  3.4
Dodging        | |  2.6
Stealth        | |  1.7

Action                   |  1- 3 |  4- 6 || total
-------------------------+-------+-------++-------
Melee: Falchion          |   109 |    17 ||   126
       Kick              |    13 |     5 ||    18
 Stab: Sleeping          |     6 |       ||     6
  Eat: Chunk             |     3 |     1 ||     4
Armor: Robe              |    22 |     3 ||    25
Dodge: Dodged            |    71 |     9 ||    80
       Rpst.: Falchion   |    20 |     2 ||    22

Table legend:
 A = Spawn XP
 B = Non-spawn XP
 C = Spawn XP percentage of total XP
 D = Spawn monster count
 E = Non-spawn monster count
 F = Spawn count percentage of total count
 G = Total turns spent on level
                    A         B        C        D         E        F      G
               +---------+---------+-------+---------+---------+-------+---------
         Total |       0 |     123 |   0.0 |       0 |      39 |   0.0 |  2409
               +---------+---------+-------+---------+---------+-------+---------
           D:1 |       0 |      26 |   0.0 |       0 |      17 |   0.0 |  1035
           D:2 |       0 |      96 |   0.0 |       0 |      21 |   0.0 |  1349
           D:3 |       0 |       1 |   0.0 |       0 |       1 |   0.0 |    25
               +---------+---------+-------+---------+---------+-------+---------
